 Dungeon Crawl Stone Soup version 0.27-a0-1105-g946c659c87 (webtiles) character file.

Game seed: 2738763133977906261

1 kodamatunes15 the Caller (level 1, -2/13 HPs)
             Began as a Barachi Summoner on May 1, 2021.
             Slain by a hobgoblin (3 damage)
             ... on level 1 of the Dungeon.
             The game lasted 00:00:35 (41 turns).

kodamatunes15 the Caller (Barachi Summoner)           Turns: 41, Time: 00:00:36

Health: -2/13      AC:  2    Str:  9    XL:     1   Next: 20%
Magic:  3/3        EV: 12    Int: 15    God:
Gold:   0          SH:  0    Dex: 12    Spells: 3/4 levels left

rFire    . . .     SeeInvis .   (no weapon)
rCold    . . .     Faith    .   (no shield)
rNeg     . . .     Spirit   .   a - +0 robe
rPois    .         Reflect  .   (no helmet)
rElec    .         Harm     .   (no cloak)
rCorr    .         Rampage  .   (no gloves)
Will     .....                  (no boots)
Stlth    ++........             (no amulet)
HPRegen  0.04/turn              (no ring)
MPRegen  0.08/turn              (no ring)

@: slow
A: amphibious, slowness 1, strong legs 1, +LOS
a: Hop


You were on level 1 of the Dungeon.
You visited 1 branch of the dungeon, and saw 1 of its levels.

Inventory:

Missiles
 b - 15 sling bullets
Armour
 a - a +0 robe (worn)
Potions
 c - a potion of lignification {unknown}


   Skills:
 + Level 2.1 Dodging
 + Level 1.7 Stealth
 + Level 2.1 Spellcasting
 + Level 4.9 Summonings


You had 3 spell levels left.
You knew the following spells:

 Your Spells              Type           Power      Damage    Failure   Level
a - Summon Small Mammal   Summ           64%        N/A       3%          1

Your spell library contained the following spells:

 Spells                   Type           Power      Damage    Failure   Level
 Call Imp                 Summ           16%        N/A       4%          2
 Call Canine Familiar     Summ           16%        N/A       9%          3
 Summon Guardian Golem    Hex/Summ       9%         N/A       24%         3
 Summon Ice Beast         Ice/Summ       9%         N/A       61%         4
 Summon Lightning Spire   Summ/Air       9%         N/A       61%         4


Dungeon Overview and Level Annotations

Branches:
Dungeon (1/15)

Altars:


Innate Abilities, Weirdness & Mutations

You are amphibious.
You cover ground slowly.
You can hop short distances.
You have an extended range of vision and can be seen from far away.


Message History

You barely miss the goblin.
The hobgoblin shouts!
The goblin hits you with a +0 dagger.
You closely miss the goblin. The goblin completely misses you.
You completely miss the goblin. The goblin closely misses you.
You barely miss the goblin. The goblin closely misses you.
You barely miss the goblin. The goblin barely misses you.
You hit the goblin but do no damage. The hobgoblin barely misses you.
The goblin closely misses you.
You hit the goblin.
The goblin is moderately wounded.
The hobgoblin hits you. The goblin hits you with a +0 dagger.
You hit the goblin but do no damage.
The goblin is moderately wounded.
The hobgoblin barely misses you. The goblin barely misses you.
You closely miss the goblin.
The goblin is moderately wounded.
The hobgoblin barely misses you. The goblin closely misses you.
You hit the goblin.
The goblin is severely wounded.
The hobgoblin barely misses you. The goblin closely misses you.
You closely miss the goblin.
The goblin is severely wounded.
The hobgoblin closely misses you. The goblin hits you with a +0 dagger.
You hit the goblin.
You kill the goblin!
The hobgoblin barely misses you. The hobgoblin barely misses you.
You see here a +0 dagger.
The hobgoblin hits you.
* * * LOW HITPOINT WARNING * * *
You see here a murky brown potion.
c - a murky brown potion The hobgoblin hits you.
* * * LOW HITPOINT WARNING * * *
You hit the hobgoblin but do no damage. The hobgoblin barely misses you.
You barely miss the hobgoblin. The hobgoblin hits you.
* * * LOW HITPOINT WARNING * * *
You closely miss the hobgoblin. The hobgoblin hits you.
You die...

...........
#.........
#.......#
#.......#
########.......#
..........>....#
........)......#
.....#.##g.....#
.. #...@.....#
#.........#######
+................
#.######.########
#.#≈≈≈≈♣.♣≈≈≈≈# #
#≈...♣.♣...≈#
#≈.P.....♣ ≈#
#≈PPP...♣♣♣≈#
#.#♣.P.....♣.♣#.#


You could see a hobgoblin.

Vanquished Creatures
  A goblin (D:1)
1 creature vanquished.

Notes
Turn   | Place    | Note
-------+----------+-------------------------------------------
     0 | D:1      | kodamatunes15 the Barachi Summoner began the quest for the
                  | Orb.
     0 | D:1      | Reached XP level 1. HP: 13/13 MP: 3/3
    41 | D:1      | Slain by a hobgoblin

Illustrated notes

Levels and vault maps discovered:
D:1:      ldierk_walled_garden, layout_basic, chequers_serial_rivers_large_b

Action                   || total
-------------------------++-------
Melee: Unarmed           ||    15
Dodge: Dodged            ||    16

Table legend: (Time is in decaauts)
 A = Elapsed time spent in this place.
 B = Non-inter-level travel time spent in this place.
 C = Inter-level travel time spent in this place.
 D = Time resting spent in this place.
 E = Time spent auto-exploring this place.
 F = Levels seen in this place.
 G = Mean time per level.
                   A        B        C        D        E       F      G
               +--------+--------+--------+--------+--------+-----+--------+
         Total |     46 |     46 |      0 |      0 |      0 |   1 |   46.0 |
       Dungeon |     46 |     46 |      0 |      0 |      0 |   1 |   46.0 |
               +--------+--------+--------+--------+--------+-----+--------+

Top non-repeatable levels by time:
     D:1: 46 daAuts
